 Dungeon Crawl Stone Soup version 0.30-a0-859-gf88a04b62d (webtiles) character file.

Game seed: 14459851502838142498

123 lunkers the Slasher (level 5, 0/45 HPs)
             Began as a Meteoran Fighter on Mar 7, 2023.
             Slain by an orc
             ... wielding a +0 flail
              (2 damage)
             ... on level 4 of the Dungeon.
             The game lasted 00:03:05 (734 turns).

lunkers the Slasher (Meteoran Fighter)               Turns: 734, Time: 00:03:06

Health: 0/45       AC:  9    Str: 17    XL:     5   Next: 55%
Magic:  6/6        EV:  9    Int: 10    God:
Gold:   67         SH:  6    Dex: 21    Spells: 4/4 levels left

rFire   . . .      SeeInvis .    b - +3 dagger (venom)
rCold   . . .      Faith    .    c - +0 buckler
rNeg    + . .      Spirit   .    h - +0 scale mail
rPois   .          Reflect  .    (no helmet)
rElec   .          Rampage  .    (no cloak)
rCorr   .                        f - +0 pair of gloves
Will    .....                    i - +0 pair of boots Stlth
                                 (no amulet)
HPRegen 0.27/turn                e - ring of positive energy
MPRegen 0.10/turn                g - +6 ring of dexterity

@: mighty, glowing
A: sense surroundings 1, otherworldly, glowing, explore regen
a: no special abilities


You were on level 4 of the Dungeon.
You visited 1 branch of the dungeon, and saw 4 of its levels.

You collected 67 gold pieces.

Inventory:

Hand Weapons
 a - a +0 long sword
 b - a +3 dagger of venom (weapon)
Armour
 c - a +0 buckler (worn)
 f - a +0 pair of gloves (worn)
 h - a +0 scale mail (worn)
 i - a +0 pair of boots (worn)
 j - an orb of guile
Jewellery
 e - a ring of positive energy (left hand)
 g - a +6 ring of dexterity (right hand)
Scrolls
 k - a scroll of poison {unknown}
 m - a scroll of identify
Potions
 l - a potion of haste
 n - a potion of mutation {unknown}


   Skills:
 - Level 3.2 Fighting
 + Level 4.0(4.7) Short Blades
 - Level 4.0(5.0) Long Blades
 - Level 3.6 Armour
 - Level 3.6 Shields


You had 4 spell levels left.
You didn't know any spells.
Your spell library was empty.

Dungeon Overview and Level Annotations

Branches:
Dungeon (3/15) Zot: 1663

Altars:

Shops:
D:4 *


Innate Abilities, Weirdness & Mutations

You passively map a small area around you.
You are easily found by Zot.
You glow in the dark.
You regain HP and MP as you explore.


Message History

The orc priest looks as sick as possible!
The orc priest is moderately wounded.
The orc hits you but does no damage.
The orc priest hits you but does no damage.
The orc hits you but does no damage. The orc hits you with a +0 flail.
* * * LOW HITPOINT WARNING * * *
The orc hits you with a +0 flail.
* * * LOW HITPOINT WARNING * * *
You hit the orc priest.
The orc priest looks as sick as possible!
The orc priest is severely wounded.
You hit the orc priest.
The orc priest is almost dead.
You kill the orc priest!
The orc hits you with a +0 flail.
* * * LOW HITPOINT WARNING * * *
The orc hits you but does no damage. You block the orc's attack.
The orc misses you.
Your Short Blades skill increases to level 4!
You hit the orc.
The orc is poisoned.
The orc is heavily wounded.
The orc barely misses you. The orc hits you with a +0 flail.
* * * LOW HITPOINT WARNING * * *
The orc barely misses you. The orc hits you with a +0 flail.
* * * LOW HITPOINT WARNING * * *
You closely miss the orc.
The orc is moderately wounded.
The orc closely misses you. The orc hits you but does no damage.
You block the orc's attack. The orc hits you with a +0 flail.
* * * LOW HITPOINT WARNING * * *
As you read the scroll labelled PAXEIBBIFRO, it crumbles to dust.
It is a scroll of identify.
l - a potion of haste The orc barely misses you. x2; The orc closely misses you. x2
You feel very mighty all of a sudden.
You kill the orc!
The orc hits you with a +0 hand axe.
* * * LOW HITPOINT WARNING * * *
The orc hits you with a +0 flail.
You die...

.# #.# #.# #.# ########
### #.# #......###.
..#####.## ##.......... ,
.....##..# #..........#
###......####!..oo......*
####..........@)...... ,
#..##......o)...... ,
#..#####........... #..#
#........... * #..#
#...........,, #..#
#........... #..#
#........... #..#
###.......## * , *


You could see 3 orcs.

Vanquished Creatures
  A hound (D:4)
  An orc priest (D:4)
  3 gnolls (D:4)
  2 dart slugs (D:1)
  An orc (D:4)
  4 ball pythons
  3 endoplasms
  3 goblins
  3 hobgoblins
  2 jackals (D:1)
  A kobold (D:2)
  A quokka (D:1)
  A bat (D:1)
  A frilled lizard (D:1)
  6 rats
33 creatures vanquished.

Notes
Turn   | Place    | Note
-------+----------+-------------------------------------------
     0 | D:1      | lunkers the Meteoran Fighter began the quest for the Orb.
     0 | D:1      | Reached XP level 1. HP: 19/19 MP: 2/2
   115 | D:1      | Reached XP level 2. HP: 26/26 MP: 3/3
   224 | D:1      | Reached XP level 3. HP: 31/31 MP: 4/4
   409 | D:2      | Found a faded altar of an unknown god.
   442 | D:2      | Reached skill level 1 in Short Blades
   534 | D:3      | You fall into a shaft and drop 1 floor!
   558 | D:4      | Reached XP level 4. HP: 31/38 MP: 5/5
   575 | D:4      | Found Bestru's Assorted Antiques.
   618 | D:4      | Reached XP level 5. HP: 24/45 MP: 6/6
   732 | D:4      | HP: 2/45 [orc/+0 flail (4)]
   734 | D:4      | Slain by an orc

Illustrated notes

Levels and vault maps discovered:
D:1:      lemuel_arrival_tunnels, layout_loops_ring,
          dreamdust_princess_corridor, hangedman_abyss_or_decor_lesser_grid,
          due_unseen_surprise
D:2:      layout_basic, basic_altar, shapermc_ecumenical_altar_totnotflames
D:3:      layout_loops_ring, gammafunk_ghost_grave, minmay_joined_circles
D:4:      layout_cave_pods, nicolae_stop_n_shop_2

Skill      XL: |  1  2  3  4  5 |
---------------+----------------+-----
Long Blades    | 3 4 |  4.0
Short Blades   | 2 3 4 |  4.0
Fighting       | |  3.2
Armour         | |  3.6
Shields        | |  3.6

Action                     |  1- 3 |  4- 6 || total
---------------------------+-------+-------++-------
  Melee: Long sword        |    36 |       ||    36
         Dagger            |    23 |    23 ||    46
    Use: Scroll            |     1 |     1 ||     2
         Potion            |       |     1 ||     1
 Armour: Scale mail        |    28 |    10 ||    38
  Dodge: Dodged            |    15 |    11 ||    26
  Block: Buckler           |    17 |    11 ||    28

Table legend: (Time is in decaauts)
 A = Elapsed time spent in this place.
 B = Non-inter-level travel time spent in this place.
 C = Inter-level travel time spent in this place.
 D = Time resting spent in this place.
 E = Time spent auto-exploring this place.
 F = Levels seen in this place.
 G = Mean time per level.
                   A        B        C        D        E       F      G
               +--------+--------+--------+--------+--------+-----+--------+
         Total |    735 |    735 |      0 |      0 |    490 |   4 |  183.8 |
       Dungeon |    735 |    735 |      0 |      0 |    490 |   4 |  183.8 |
               +--------+--------+--------+--------+--------+-----+--------+

Top non-repeatable levels by time:
     D:2: 272 daAuts
     D:1: 264 daAuts
     D:4: 195 daAuts
     D:3: 3 daAuts
